 Dungeon Crawl Stone Soup version 0.25.1-2-g60ff931df9 (webtiles) character file.

Game seed: 5918442782001729223

2680 Impeuri the Fighter (level 9, -5/74 HPs)
             Began as a Demonspawn Fighter on Aug 23, 2020.
             Slain by an orc warrior
             ... wielding a +0 scimitar
              (20 damage)
             ... on level 8 of the Dungeon.
             The game lasted 00:12:32 (6950 turns).

Impeuri the Fighter (Demonspawn Fighter)            Turns: 6950, Time: 00:12:33

Health: -5/74      AC: 12    Str: 19    XL:     9   Next: 37%
Magic:  9/9        EV:  7    Int: 16    God:
Gold:   363        SH: 18    Dex: 13    Spells: 8/8 levels left

rFire    + . .     SeeInvis .   x - +8 mace of the Thieving Genius {vorpal, rN+}
rCold    + + .     Gourm    .   c - +0 kite shield
rNeg     + . .     Faith    .   v - +1 scale mail {MR+}
rPois    +         Spirit   .   b - +1 helmet
rElec    +         Reflect  +   a - +0 cloak
rCorr    +         Harm     .   (no gloves)
MR       +....                  (no boots)
Stlth    ++........             e - amulet of reflection
HPRegen  0.22/turn              y - +6 ring of intelligence
MPRegen  0.11/turn              (no ring)

@: resistant
A: large bone plates 1, cold resistance 1, nightstalker 2
a: no special abilities


You were on level 8 of the Dungeon.
You were not hungry.

You visited 1 branch of the dungeon, and saw 7 of its levels.
You also visited: Sewer.

You collected 363 gold pieces.

Inventory:

Hand Weapons
 g - a +1 dagger of venom
 x - the +8 mace of the Thieving Genius (weapon) {vorpal, rN+}
   (You took it off a kobold on level 3 of the Dungeon)

   It inflicts extra damage upon your enemies.
   It protects you from negative energy.
 D - a +3 morningstar
Missiles
 F - 6 silver boomerangs (quivered)
Armour
 a - a +0 cloak (worn)
 b - a +1 helmet (worn)
 c - a +0 kite shield (worn)
 v - a +1 scale mail of magic resistance (worn)
Jewellery
 e - an amulet of reflection (around neck)
 y - a +6 ring of intelligence (left hand)
Wands
 G - a wand of iceblast (10)
Scrolls
 i - 2 scrolls of remove curse
 l - 2 scrolls of fear {unknown}
 m - 2 scrolls of immolation
 n - a scroll of enchant armour
 q - 6 scrolls of identify
 r - 3 scrolls of enchant weapon
 B - 5 scrolls of teleportation {unknown}
Potions
 d - 2 potions of might
 h - 3 potions of curing
 j - a potion of cancellation {unknown}
 k - 4 potions of stabbing {unknown}
 o - 5 potions of degeneration {unknown}
 p - 4 potions of heal wounds {unknown}
 s - 3 potions of flight
 t - 2 potions of mutation {unknown}
 u - 2 potions of resistance
 w - a potion of berserk rage {unknown}
 z - 2 potions of lignification {unknown}
 A - a potion of brilliance {unknown}
 C - 3 potions of haste {unknown}
Comestibles
 f - 10 rations
 E - 3 chunks of flesh


   Skills:
 + Level 8.0 Fighting
 - Level 2.7(3.2) Short Blades
   Level 2.2(2.9) Long Blades
 + Level 5.8 Maces & Flails
 + Level 7.3 Armour
 - Level 2.6 Shields


You had 8 spell levels left.
You didn't know any spells.
Your spell library contained the following spells:

 Spells                   Type           Power        Failure   Level  Hunger
 Sandblast                Erth           #.....       97%         1    ##.....
 Passwall                 Tmut/Erth      #.......     99%         2    ###....
 Stone Arrow              Conj/Erth      #.....       100%        3    ####...
 Petrify                  Tmut/Erth      #.......     100%        4    #####..
 Lee's Rapid Deconstruct  Erth           #.........   100%        5    ######.


Dungeon Overview and Level Annotations

Branches:
Dungeon (6/15)              Sewer (visited)
 Temple: D:4-7

Altars:
Elyvilon
Kikubaaqudgha
Okawaru
Uskayaw
Yredelemnul
The Shining One


Innate Abilities, Weirdness & Mutations

You are partially covered in large bone plates. (SH +4)
Your flesh is cold resistant. (rC+)
You are significantly more attuned to the shadows.


Message History

You hear a shout!
You closely miss the orc warrior. The crimson imp barely misses you.
The orc warrior hits you with a +0 scimitar!
You hit the orc warrior but do no damage.
You block the crimson imp's attack.
An orc comes into view. It is wielding a +0 mace.
The orc warrior hits you with a +0 scimitar!
You sock the orc warrior!
The orc warrior is heavily wounded.
You block the crimson imp's attack.
The orc warrior hits you with a +0 scimitar!
* * * LOW HITPOINT WARNING * * *
You barely miss the crimson imp.
The crimson imp blinks!
The orc warrior hits you with a +0 scimitar!
* * * LOW HITPOINT WARNING * * *
It was a potion of curing.
You feel better.
It was a potion of resistance.
You feel protected.
The orc warrior hits you with a +0 scimitar!!
You die...

..# #.# ##.##
.o. #o# #@# #
###o#...
#........
#.#.#.###
#####5#.....
...........##.
#......#####
#.....#.##
#.....##.#


You could see an orc warrior, a crimson imp and 2 orcs.

Vanquished Creatures
  Pikel (D:5)
  A hungry ghost (D:3)
  Menkaure (D:3)
  An ice beast (D:6)
  An orc warrior (D:6)
  An ogre (D:5)
  4 bullfrogs (D:6)
  2 scorpions
  5 wights (D:6)
  A howler monkey (D:4)
  4 orc priests
  A jelly (D:6)
  Crazy Yiuf (D:5)
  2 bullfrog skeletons (D:4)
  9 orc wizards
  A hound (D:6)
  3 iguanas
  7 worker ants
  A hound zombie (D:6)
  Robin (D:2)
  4 gnolls
  A river rat (D:5)
  9 adders
  2 shadow imps (D:6)
  4 oozes
  An adder skeleton (D:4)
  11 worms
  4 leopard geckos
  17 orcs
  3 ball pythons
  14 bats
  7 giant cockroaches
  13 hobgoblins
  11 jackals
  8 kobolds
  4 quokkas
  11 frilled lizards
  14 goblins
  A quokka skeleton (D:3)
  A quokka zombie (D:6)
  4 rats
192 creatures vanquished.

Vanquished Creatures (others)
  A worker ant zombie (D:5)
  A howler monkey skeleton (D:5)
  An orc (D:5)
  A quokka (D:5)
  A bush (D:4)
  A plant (D:4)
6 creatures vanquished.

Grand Total: 198 creatures vanquished

Notes
Turn   | Place    | Note
-------+----------+-------------------------------------------
     0 | D:1      | Impeuri the Demonspawn Fighter began the quest for the Orb.
     0 | D:1      | Reached XP level 1. HP: 18/18 MP: 1/1
   233 | D:1      | Gained mutation: Your flesh is cold resistant. (rC+)
                  | [demonic ancestry]
   233 | D:1      | Reached XP level 2. HP: 22/24 MP: 2/2
   960 | D:2      | Gained mutation: You are slightly more attuned to the
                  | shadows. [demonic ancestry]
   960 | D:2      | Reached XP level 3. HP: 27/29 MP: 3/3
   973 | D:2      | Reached skill level 1 in Short Blades
  1016 | D:2      | Gained mutation: You are significantly more attuned to the
                  | shadows. [demonic ancestry]
  1016 | D:2      | Reached XP level 4. HP: 23/36 MP: 4/4
  1226 | D:2      | Noticed Robin
  1272 | D:2      | Killed Robin
  1437 | D:2      | Found a glowing golden altar of the Shining One.
  1566 | D:2      | Reached skill level 4 in Fighting
  1566 | D:2      | Reached XP level 5. HP: 42/42 MP: 5/5
  2349 | D:3      | Identified the +8 mace of the Thieving Genius {vorpal, rN+}
  2389 | D:3      | Noticed a -3 dagger
  2400 | D:3      | Noticed a +0 dagger
  2483 | D:3      | Found a hide-covered altar of Uskayaw.
  2539 | D:3      | Found a transporter.
  2539 | D:3      | Noticed a hungry ghost
  2541 | D:3      | Found an ancient bone altar of Kikubaaqudgha.
  2622 | D:3      | Found an iron altar of Okawaru.
  2686 | D:3      | Gained mutation: You are partially covered in large bone
                  | plates. (SH +4) [demonic ancestry]
  2686 | D:3      | Reached XP level 6. HP: 49/49 MP: 6/6
  2738 | D:3      | Found a transporter.
  2785 | D:3      | Noticed Menkaure
  2787 | D:3      | Found a basalt altar of Yredelemnul.
  3053 | D:3      | Reached skill level 1 in Maces & Flails
  3287 | D:3      | Killed Menkaure
  3287 | D:3      | Reached skill level 5 in Fighting
  3287 | D:3      | Reached XP level 7. HP: 18/56 MP: 7/7
  3293 | D:3      | Killed a hungry ghost
  3567 | D:4      | Reached skill level 5 in Armour
  4643 | D:5      | Entered Level 5 of the Dungeon
  4692 | D:5      | Noticed Pikel
  4702 | D:5      | Killed Pikel
  4702 | D:5      | Reached skill level 6 in Fighting
  4702 | D:5      | Reached XP level 8. HP: 52/65 MP: 8/8
  4751 | D:5      | Found a glowing drain.
  4763 | Sewer    | Entered a sewer
  5499 | D:5      | Found a white marble altar of Elyvilon.
  5897 | D:5      | Found a runed translucent door.
  5899 | D:5      | Noticed Crazy Yiuf
  5905 | D:5      | Killed Crazy Yiuf
  5905 | D:5      | Reached skill level 7 in Fighting
  6127 | D:6      | Reached skill level 5 in Maces & Flails
  6145 | D:6      | Reached XP level 9. HP: 72/72 MP: 9/9
  6921 | D:6      | You fall into a shaft and drop 2 floors!
  6941 | D:8      | Reached skill level 8 in Fighting
  6950 | D:8      | Slain by an orc warrior

Illustrated notes

Levels and vault maps discovered:
D:1:      minmay_arrival_up_and_down, layout_basic
D:2:      layout_rooms, tso_oasis_becter, first_ration, uniq_robin
D:3:      layout_rooms, gammafunk_temple_of_torment, okawaru_altar_gauntlet_db,
          dancing_weapons_uskayaw, minmay_checkerbox
D:4:      layout_basic, serial_forest, infiniplex_forest_straight_3,
          infiniplex_forest_lined_2, infiniplex_forest_lined_room_3,
          infiniplex_forest_clump_cross, infiniplex_forest_side_room,
          infiniplex_forest_end_2, infiniplex_forest_end_1, minivault_27
D:5:      layout_cave_pools, kennysheep_mini_moat, gup_sewer_entry_bubbles,
          serial_rivers, chequers_serial_rivers_micro_d,
          chequers_serial_rivers_small_a, chequers_serial_rivers_micro_c,
          chequers_serial_rivers_micro_d, uniq_crazy_yiuf_cottage, uniq_pikel
D:6:      layout_loops_ring, marbit_many_paths, nrook_mini_backslash,
          dk_vineyard_3
D:8:      layout_loops_ring, kennysheep_mini, cheibrodos_ashenzari_chains,
          uniq_prince_ribbit1, uniq_grum

Skill      XL: |  1  2  3  4  5  6  7  8  9 |
---------------+----------------------------+-----
Long Blades    | 2 |  2.2
Armour         | 3 4 6 7 |  7.3
Short Blades   | 1 2 |  2.7
Fighting       | 4 5 6 7 8 |  8.0
Maces & Flails | 1 4 5 |  5.8
Shields        | |  2.6

Action                   |  1- 3 |  4- 6 |  7- 9 || total
-------------------------+-------+-------+-------++-------
Melee: Dagger            |    94 |   199 |       ||   293
       Long sword        |     4 |       |       ||     4
       Mace              |       |    34 |   300 ||   334
  Use: Scroll            |     2 |     2 |     6 ||    10
       Potion            |       |       |     3 ||     3
 Stab: Sleeping          |       |     3 |     6 ||     9
       Distracted        |       |       |     1 ||     1
  Eat: Chunk             |       |     7 |    12 ||    19
       Ration            |       |       |     1 ||     1
Armor: Scale mail        |    36 |    28 |    77 ||   141
       Chain mail        |       |    68 |     3 ||    71
Dodge: Dodged            |    24 |    33 |    59 ||   116
Block: Kite shield       |    58 |   191 |   262 ||   511
       Reflection        |       |    11 |       ||    11
       Rpst.: Long sword |     1 |       |       ||     1
